Golden Knights vs Senateurs

Created - March 11, 2020 at 19:43

Goals
1 2 3 T
Golden Knights 3 0 2 5
Senateurs 2 1 0 3
Shots
1 2 3 T
Golden Knights 14 8 16 38
Senateurs 9 12 12 33

1st period

1. Golden Knights , Andrei Loktionov 20 (Zach Bogosian 32) at 0:35
2. Golden Knights , Maxim Lapierre 9 (Alex Tanguay 15) at 15:54
3. Golden Knights , Ilya Kovalchuk 17 (Matt Stajan 14, Zach Bogosian 33) at 16:33
4. Senateurs , Sergei Kostitsyn 10 (Daniel Briere 15, Carlo Colaiacovo 5) at 19:17
5. Senateurs , Dion Phaneuf 3 (Jamie Benn 30, Sidney Crosby 45) at 19:52 (PP)

Penalties :
Nate Prosser (Ott) for Interference (Minor) at 6:39, Colby Armstrong (Ott) for Hooking (Minor) at 10:36, Jamie Benn (Ott) for Slashing (Minor) at 13:34, Wayne Simmonds (Vgs) for Holding (Minor) at 17:02, Matt Stajan (Vgs) for Roughing (Minor) at 19:41

2nd period

6. Senateurs , Evgeni Malkin 25 (Dion Phaneuf 41, Daniel Sedin 18) at 16:01

Penalties :
No Penalty

3rd period

7. Golden Knights , Michael Frolik 27 (Zach Bogosian 34) at 5:16
8. Golden Knights , Chris Higgins 14 (Zach Bogosian 35, Andrei Loktionov 33) at 7:43

Penalties :
Evgeni Malkin (Ott) for Elbowing (Minor) at 8:43, Wayne Simmonds (Vgs) for Roughing (Minor) at 19:28

Goalie Stats

Robin Lehner (Vgs), 30 saves from 33 shots - (0.909), W, 20-17-8, 60:00 minutes
Roberto Luongo (Ott), 33 saves from 38 shots - (0.868), L, 4-10-3, 60:00 minutes

Players Stats for Golden Knights

Player Name              G  A  P  +/- PIM S  H  SB GA TA FO     MP     PP MP  PK MP  
------------------------------------------------------------------------------------
Alex Tanguay             0  1  1   1  0   2  0  0  0  0  0/0    12:11   0:31   0:23 
Andrei Loktionov         1  1  2   0  0   2  1  1  1  0  10/16  18:28   3:38   0:30 
Brandon Bollig           0  0  0   0  0   0  2  0  0  0  0/0     7:21   0:00   0:00 
Chris Higgins            1  0  1   0  0   4  1  0  0  0  1/1    18:10   3:38   0:00 
Damien Brunner           0  0  0   0  0   0  1  0  0  0  0/0     7:08   0:00   0:00 
Ilya Kovalchuk           1  0  1   2  0   5  1  1  0  0  4/9    23:20   3:47   1:48 
Jared Cowen              0  0  0   4  0   3  1  3  0  2  0/0    27:59   4:22   1:18 
Mathew Dumba             0  0  0  -1  0   0  0  1  0  0  0/0     9:34   0:00   0:00 
Matt Stajan              0  1  1   2  2   5  3  1  0  0  14/26  22:50   4:18   1:37 
Maxim Lapierre           1  0  1   1  0   8  0  1  0  0  7/10   10:59   0:00   0:00 
Michael Frolik           1  0  1   2  0   2  0  0  2  1  0/0    21:50   4:18   0:30 
Michael Kostka           0  0  0   0  0   1  0  1  0  0  0/0    21:38   3:34   1:23 
Ole-Kristian Tollefsen   0  0  0   0  0   0  0  0  0  0  0/0    21:38   3:34   1:23 
Patrice Cormier          0  0  0   0  0   1  0  0  0  0  2/2     7:08   0:00   0:00 
Steve Bernier            0  0  0   1  0   2  0  1  1  0  0/0    11:33   0:00   0:34 
Vladimir Mihalik         0  0  0  -1  0   0  1  1  0  0  0/0     9:34   0:00   0:00 
Wayne Simmonds           0  0  0   0  4   1  2  0  0  0  0/1    17:56   3:38   0:00 
Zach Bogosian            0  4  4   4  0   2  1  1  0  1  0/0    27:59   4:22   1:18 

Players Stats for Senateurs

Player Name              G  A  P  +/- PIM S  H  SB GA TA FO     MP     PP MP  PK MP  
------------------------------------------------------------------------------------
Arturs Kulda             0  0  0   0  0   0  0  0  0  0  0/0     3:49   0:00   0:00 
Carlo Colaiacovo         0  1  1   1  0   3  1  1  0  1  0/0    11:31   0:00   1:08 
Cody Franson             0  0  0  -3  0   1  1  2  0  0  0/0    25:58   1:19   4:22 
Colby Armstrong          0  0  0  -1  2   0  2  0  0  0  0/1    17:19   1:26   0:00 
Daniel Briere            0  1  1  -1  0   1  0  1  1  1  5/12   14:32   0:00   3:01 
Daniel Sedin             0  1  1  -1  0   2  0  0  0  0  0/0    17:26   1:26   0:49 
Dion Phaneuf             1  1  2  -3  0   2  1  2  1  0  0/0    29:27   1:19   4:22 
Duncan Keith             0  0  0  -1  0   0  2  1  1  0  0/0    20:22   1:22   3:34 
Evgeni Malkin            1  0  1  -1  2   3  2  0  0  0  9/19   20:34   1:26   2:39 
Jamie Benn               0  1  1  -1  2   3  0  1  0  0  1/1    20:00   1:15   1:29 
Mark Giordano            0  0  0   1  0   2  0  2  0  0  0/0     9:51   0:00   0:00 
Nate Prosser             0  0  0  -1  2   2  2  4  0  0  0/0    19:13   1:22   2:26 
Phil Kessel              0  0  0  -1  0   4  2  0  0  0  0/1    19:56   1:15   2:13 
Radim Vrbata             0  0  0  -1  0   1  1  0  0  0  0/0    11:52   0:00   0:00 
Ryan Hollweg             0  0  0   0  0   3  2  0  0  0  0/0     8:09   0:00   1:58 
Sergei Kostitsyn         1  0  1  -1  0   3  0  0  0  1  0/1    12:03   0:00   0:00 
Sidney Crosby            0  1  1  -1  0   3  3  1  1  1  12/29  25:00   1:15   3:43 
Stephane Da Costa        0  0  0   0  0   0  0  0  0  0  0/1     4:58   0:00   0:00 

3 Stars

1 - Zach Bogosian (Vgs)
2 - Andrei Loktionov (Vgs)
3 - Ilya Kovalchuk (Vgs)

Power Play

Golden Knights - 0 on 4 Attempt(s) - 0.00%
Senateurs - 1 on 3 Attempt(s) - 33.33%

Penalty Kill

Golden Knights - 2 on 3 Attempt(s) - 66.67% - Score 0 goal in Penalty Kill
Senateurs - 4 on 4 Attempt(s) - 100.00% - Score 0 goal in Penalty Kill

Team Stat

Golden Knights - Hits : 14 - Faceoff Wins : 38 - Blocked Shots : 12 - Penalty Minutes : 6
Senateurs - Hits : 19 - Faceoff Wins : 27 - Blocked Shots : 15 - Penalty Minutes : 8

Official

Referees : Unknown
Linesman : Unknown

Game Notes

No Game Note

Finance

Level 1 -- Attendance: 6000 (100.00%) -- Ticket Income $618,000
Level 2 -- Attendance: 4033 (80.66%) -- Ticket Income $274,244
Level 3 -- Attendance: 1730 (86.50%) -- Ticket Income $74,390
Level 4 -- Attendance: 3567 (89.18%) -- Ticket Income $99,876
Luxury Box -- Attendance: 950 (95.00%) -- Ticket Income $171,000
Game was played at the Place Banque Scotia.
Total Attendance: 16280 (90.44%)
Total Ticket Income: $1,237,510
Other Income: $185,626
Total Income: $1,423,136

Golden Knights

5 vs 5 Forward 
   Center                   Left Wing                Right Wing               Time % Phy DF OF 
 1 Matt Stajan              Ilya Kovalchuk           Michael Frolik           40     1   2  2  
 2 Andrei Loktionov         Chris Higgins            Wayne Simmonds           30     1   2  2  
 3 Maxim Lapierre           Alex Tanguay             Steve Bernier            20     1   2  2  
 4 Patrice Cormier          Brandon Bollig           Damien Brunner           10     1   2  2  

5 vs 5 Defense 
   Defense                  Defense                                           Time % Phy DF OF 
 1 Zach Bogosian            Jared Cowen                                       40     1   2  2  
 2 Ole-Kristian Tollefsen   Michael Kostka                                    30     1   2  2  
 3 Vladimir Mihalik         Mathew Dumba                                      20     1   2  2  
 4 Zach Bogosian            Jared Cowen                                       10     1   2  2  

PowerPlay Forward 
   Center                   Left Wing                Right Wing               Time % Phy DF OF 
 1 Matt Stajan              Ilya Kovalchuk           Michael Frolik           60     1   2  2  
 2 Andrei Loktionov         Chris Higgins            Wayne Simmonds           40     1   2  2  

PowerPlay Defense
   Defense                  Defense                                           Time % Phy DF OF 
 1 Zach Bogosian            Jared Cowen                                       60     1   2  2  
 2 Ole-Kristian Tollefsen   Michael Kostka                                    40     1   2  2  

Penalty Kill 4 Players Forward 
   Center                   Wing                     Time % Phy DF OF 
 1 Ilya Kovalchuk           Matt Stajan              60     1   2  2  
 2 Michael Frolik           Andrei Loktionov         40     1   2  2  

Penalty Kill 4 Players Defense
   Defense                  Defense                  Time % Phy DF OF 
 1 Zach Bogosian            Jared Cowen              60     1   2  2  
 2 Ole-Kristian Tollefsen   Michael Kostka           40     1   2  2  

Penalty Kill - 3 Players Forward 
   Forward                                           Time % Phy DF OF 
 1 Ilya Kovalchuk                                    60     1   2  2  
 2 Matt Stajan                                       40     1   2  2  

Penalty Kill - 3 Players Defense
   Defense                  Defense                  Time % Phy DF OF 
 1 Zach Bogosian            Jared Cowen              60     1   2  2  
 2 Ole-Kristian Tollefsen   Michael Kostka           40     1   2  2  

4 vs 4 Forward 
   Center                   Wing                     Time % Phy DF OF 
 1 Ilya Kovalchuk           Matt Stajan              60     1   2  2  
 2 Michael Frolik           Andrei Loktionov         40     1   2  2  

4 vs 4 Defense
   Defense                  Defense                  Time % Phy DF OF 
 1 Zach Bogosian            Jared Cowen              60     1   2  2  
 2 Ole-Kristian Tollefsen   Michael Kostka           40     1   2  2  

Last Minutes Offensive
   Center                   Left Wing                Right Wing               Defense                  Defense                  
   Matt Stajan              Ilya Kovalchuk           Michael Frolik           Zach Bogosian            Jared Cowen              

Last Minutes Defensive
   Center                   Left Wing                Right Wing               Defense                  Defense                  
   Matt Stajan              Ilya Kovalchuk           Michael Frolik           Zach Bogosian            Jared Cowen              

Goaltenders
Starting : Robin Lehner             
Backup : Matt Hackett             

Extra Forwards
Normal : Alex Tanguay, Maxim Lapierre, Steve Bernier - PP : Alex Tanguay, Maxim Lapierre - PK : Steve Bernier
Extra Defensemen
Normal : Vladimir Mihalik, Mathew Dumba, Ole-Kristian Tollefsen - PP : Vladimir Mihalik - PK : Mathew Dumba, Ole-Kristian Tollefsen
Penalty Shots
Ilya Kovalchuk, Matt Stajan, Michael Frolik, Andrei Loktionov, Wayne Simmonds

Scratches
None

Senateurs

5 vs 5 Forward 
   Center                   Left Wing                Right Wing               Time % Phy DF OF 
 1 Sidney Crosby            Jamie Benn               Phil Kessel              40     1   2  2  
 2 Evgeni Malkin            Daniel Sedin             Colby Armstrong          30     1   2  2  
 3 Daniel Briere            Sergei Kostitsyn         Radim Vrbata             20     1   2  2  
 4 Stephane Da Costa        Ryan Hollweg             Sidney Crosby            10     1   2  2  

5 vs 5 Defense 
   Defense                  Defense                                           Time % Phy DF OF 
 1 Dion Phaneuf             Cody Franson                                      40     1   2  2  
 2 Duncan Keith             Nate Prosser                                      30     1   2  2  
 3 Mark Giordano            Carlo Colaiacovo                                  20     1   2  2  
 4 Arturs Kulda             Dion Phaneuf                                      10     1   2  2  

PowerPlay Forward 
   Center                   Left Wing                Right Wing               Time % Phy DF OF 
 1 Sidney Crosby            Jamie Benn               Phil Kessel              60     1   2  2  
 2 Evgeni Malkin            Daniel Sedin             Colby Armstrong          40     1   2  2  

PowerPlay Defense
   Defense                  Defense                                           Time % Phy DF OF 
 1 Dion Phaneuf             Cody Franson                                      60     1   2  2  
 2 Duncan Keith             Nate Prosser                                      40     1   2  2  

Penalty Kill 4 Players Forward 
   Center                   Wing                     Time % Phy DF OF 
 1 Sidney Crosby            Evgeni Malkin            60     1   2  2  
 2 Phil Kessel              Daniel Briere            40     1   2  2  

Penalty Kill 4 Players Defense
   Defense                  Defense                  Time % Phy DF OF 
 1 Dion Phaneuf             Cody Franson             60     1   2  2  
 2 Duncan Keith             Nate Prosser             40     1   2  2  

Penalty Kill - 3 Players Forward 
   Forward                                           Time % Phy DF OF 
 1 Sidney Crosby                                     60     1   2  2  
 2 Evgeni Malkin                                     40     1   2  2  

Penalty Kill - 3 Players Defense
   Defense                  Defense                  Time % Phy DF OF 
 1 Dion Phaneuf             Cody Franson             60     1   2  2  
 2 Duncan Keith             Nate Prosser             40     1   2  2  

4 vs 4 Forward 
   Center                   Wing                     Time % Phy DF OF 
 1 Sidney Crosby            Evgeni Malkin            60     1   2  2  
 2 Phil Kessel              Daniel Briere            40     1   2  2  

4 vs 4 Defense
   Defense                  Defense                  Time % Phy DF OF 
 1 Dion Phaneuf             Cody Franson             60     1   2  2  
 2 Duncan Keith             Nate Prosser             40     1   2  2  

Last Minutes Offensive
   Center                   Left Wing                Right Wing               Defense                  Defense                  
   Sidney Crosby            Jamie Benn               Phil Kessel              Dion Phaneuf             Cody Franson             

Last Minutes Defensive
   Center                   Left Wing                Right Wing               Defense                  Defense                  
   Sidney Crosby            Jamie Benn               Phil Kessel              Dion Phaneuf             Cody Franson             

Goaltenders
Starting : Roberto Luongo           
Backup : Ondrej Pavelec           

Extra Forwards
Normal : Sergei Kostitsyn, Radim Vrbata, Ryan Hollweg - PP : Sergei Kostitsyn, Radim Vrbata - PK : Ryan Hollweg
Extra Defensemen
Normal : Mark Giordano, Carlo Colaiacovo, Arturs Kulda - PP : Mark Giordano - PK : Carlo Colaiacovo, Arturs Kulda
Penalty Shots
Sidney Crosby, Evgeni Malkin, Phil Kessel, Daniel Briere, Jamie Benn

Scratches
Chris Kunitz (Healthy), Michel Ouellet (Healthy)

% Time on Ice - Golden Knights

Lines # - Real PCT - Wanted PCT - Time Play
Normal Forward
1 - 34% - 40% - 16:56
2 - 29% - 30% - 14:20
3 - 22% - 20% - 10:59
4 - 14% - 10% - 7:08
Normal Defense
1 - 41% - 40% - 20:22
2 - 34% - 30% - 16:41
3 - 19% - 20% - 9:34
4 - 6% - 10% - 2:46
PP Forward
1 - 54% - 60% - 4:18
2 - 46% - 40% - 3:38
PP Defense
1 - 55% - 60% - 4:22
2 - 45% - 40% - 3:34
PK Forward
1 - 81% - 60% - 2:11
2 - 19% - 40% - 0:30
PK Defense
1 - 48% - 60% - 1:18
2 - 52% - 40% - 1:23
PK3 Forward
1 - 0% - 60%
2 - 0% - 40%
PK3 Defense
1 - 0% - 60%
2 - 0% - 40%
44 Forward
1 - 0% - 60%
2 - 0% - 40%
44 Defense
1 - 0% - 60%
2 - 0% - 40%
Last Minute Offensive  - 0:00
Last Minute Defensive  - 0:00
Total
Forward - 60:00
Defense - 60:00

% Time on Ice - Senateurs

Lines # - Real PCT - Wanted PCT - Time Play
Normal Forward
1 - 36% - 40% - 17:57
2 - 30% - 30% - 15:03
3 - 23% - 20% - 11:25
4 - 10% - 10% - 4:58
Normal Defense
1 - 41% - 40% - 20:17
2 - 31% - 30% - 15:26
3 - 20% - 20% - 9:51
4 - 8% - 10% - 3:49
PP Forward
1 - 47% - 60% - 1:15
2 - 53% - 40% - 1:26
PP Defense
1 - 49% - 60% - 1:19
2 - 51% - 40% - 1:22
PK Forward
1 - 72% - 60% - 5:43
2 - 28% - 40% - 2:13
PK Defense
1 - 55% - 60% - 4:22
2 - 45% - 40% - 3:34
PK3 Forward
1 - 0% - 60%
2 - 0% - 40%
PK3 Defense
1 - 0% - 60%
2 - 0% - 40%
44 Forward
1 - 0% - 60%
2 - 0% - 40%
44 Defense
1 - 0% - 60%
2 - 0% - 40%
Last Minute Offensive  - 0:00
Last Minute Defensive  - 0:00
Total
Forward - 60:00
Defense - 60:00

Play-by-Play

1st period


0:01 of 1st period - Sidney Crosby wins face-off versus Matt Stajan in neutral zone.
0:28 of 1st period - Colby Armstrong is hit by Chris Higgins and loses puck.
0:35 of 1st period - Wrist shot by Andrei Loktionov.
0:35 of 1st period - Goal by Andrei Loktionov - Golden Knights : 1 - Senateurs : 0.
0:36 of 1st period - Maxim Lapierre wins face-off versus Daniel Briere in neutral zone.
0:49 of 1st period - Snap shot by Alex Tanguay.
0:49 of 1st period - Stopped by Roberto Luongo with a rebound.
0:51 of 1st period - Snap shot by Alex Tanguay.
0:51 of 1st period - Shot Blocked by Nate Prosser.
1:01 of 1st period - Ole-Kristian Tollefsen is hit by Duncan Keith and loses puck.
1:36 of 1st period - Slapshot by Ilya Kovalchuk.
1:36 of 1st period - Stopped by Roberto Luongo with a rebound.
1:42 of 1st period - Michael Kostka is hit by Colby Armstrong and loses puck.
2:01 of 1st period - Wrist shot by Evgeni Malkin.
2:01 of 1st period - Stopped by Robin Lehner with a rebound.
2:03 of 1st period - Snap shot by Mark Giordano.
2:03 of 1st period - Stopped by Robin Lehner with a rebound.
2:05 of 1st period - Slapshot by Carlo Colaiacovo.
2:05 of 1st period - Stopped by Robin Lehner with a rebound.
2:39 of 1st period - Snap shot by Evgeni Malkin.
2:39 of 1st period - Shot Misses the Net.
3:05 of 1st period - Slapshot by Ilya Kovalchuk.
3:05 of 1st period - Stopped by Roberto Luongo without a rebound.
3:06 of 1st period - Andrei Loktionov wins face-off versus Sidney Crosby in Senateurs zone.
3:07 of 1st period - Snap shot by Chris Higgins.
3:07 of 1st period - Shot Misses the Net.
4:56 of 1st period - Radim Vrbata is hit by Brandon Bollig and loses puck.
5:50 of 1st period - Alex Tanguay is hit by Ryan Hollweg and loses puck.
6:07 of 1st period - Chris Higgins is hit by Cody Franson and loses puck.
6:20 of 1st period - Snap shot by Maxim Lapierre.
6:20 of 1st period - Stopped by Roberto Luongo with a rebound.
6:39 of 1st period - Minor Penalty to Nate Prosser for Interference.
6:40 of 1st period - Andrei Loktionov wins face-off versus Evgeni Malkin in Senateurs zone.
8:16 of 1st period - Icing by Michael Frolik.
8:17 of 1st period - Sidney Crosby wins face-off versus Matt Stajan in Golden Knights zone.
8:39 of 1st period - Penalty to Nate Prosser is over, Nate Prosser is back on ice.
8:50 of 1st period - Wrist shot by Steve Bernier.
8:50 of 1st period - Stopped by Roberto Luongo without a rebound.
8:51 of 1st period - Maxim Lapierre wins face-off versus Daniel Briere in Senateurs zone.
9:04 of 1st period - Snap shot by Maxim Lapierre.
9:04 of 1st period - Stopped by Roberto Luongo with a rebound.
9:06 of 1st period - Slapshot by Zach Bogosian.
9:06 of 1st period - Deflect By Maxim Lapierre.
9:06 of 1st period - Stopped by Roberto Luongo with a rebound.
9:29 of 1st period - Matt Stajan is hit by Phil Kessel.
9:47 of 1st period - Wrist shot by Patrice Cormier.
9:47 of 1st period - Shot Misses the Net.
10:05 of 1st period - Slapshot by Steve Bernier.
10:05 of 1st period - Deflect By Duncan Keith.
10:05 of 1st period - Shot Blocked by Daniel Briere.
10:05 of 1st period - Puck is out of play.
10:06 of 1st period - Maxim Lapierre wins face-off versus Sidney Crosby in Senateurs zone.
10:25 of 1st period - Slapshot by Zach Bogosian.
10:25 of 1st period - Stopped by Roberto Luongo with a rebound.
10:27 of 1st period - Snap shot by Maxim Lapierre.
10:27 of 1st period - Shot Misses the Net.
10:29 of 1st period - Snap shot by Jared Cowen.
10:29 of 1st period - Stopped by Roberto Luongo without a rebound.
10:30 of 1st period - Matt Stajan wins face-off versus Evgeni Malkin in Senateurs zone.
10:36 of 1st period - Minor Penalty to Colby Armstrong for Hooking.
10:37 of 1st period - Evgeni Malkin wins face-off versus Matt Stajan in Senateurs zone.
10:51 of 1st period - Sidney Crosby is hit by Matt Stajan and loses puck.
11:48 of 1st period - Michael Frolik is hit by Dion Phaneuf and loses puck.
12:36 of 1st period - Penalty to Colby Armstrong is over, Colby Armstrong is back on ice.
12:41 of 1st period - Michael Kostka is hit by Nate Prosser.
12:47 of 1st period - Wrist shot by Sidney Crosby.
12:47 of 1st period - Stopped by Robin Lehner with a rebound.
13:13 of 1st period - Snap shot by Daniel Briere.
13:13 of 1st period - Shot Misses the Net.
13:27 of 1st period - Cody Franson is hit by Vladimir Mihalik and loses puck.
13:34 of 1st period - Minor Penalty to Jamie Benn for Slashing.
13:35 of 1st period - Matt Stajan wins face-off versus Phil Kessel in Senateurs zone.
13:40 of 1st period - Snap shot by Michael Frolik.
13:40 of 1st period - Shot Blocked by Dion Phaneuf.
13:46 of 1st period - Backhand shot by Dion Phaneuf.
13:46 of 1st period - Shot Misses the Net.
13:48 of 1st period - Wrist shot by Phil Kessel.
13:48 of 1st period - Stopped by Robin Lehner with a rebound.
13:52 of 1st period - Backhand shot by Phil Kessel.
13:52 of 1st period - Stopped by Robin Lehner without a rebound.
13:53 of 1st period - Chris Higgins wins face-off versus Sidney Crosby in Golden Knights zone.
14:20 of 1st period - Cody Franson is hit by Ilya Kovalchuk and loses puck.
14:38 of 1st period - Ilya Kovalchuk is hit by Nate Prosser and loses puck.
15:09 of 1st period - Dion Phaneuf is hit by Wayne Simmonds and loses puck.
15:32 of 1st period - Slapshot by Daniel Sedin.
15:32 of 1st period - Shot Misses the Net.
15:34 of 1st period - Penalty to Jamie Benn is over, Jamie Benn is back on ice.
15:54 of 1st period - Snap shot by Maxim Lapierre.
15:54 of 1st period - Goal by Maxim Lapierre - Golden Knights : 2 - Senateurs : 0.
15:55 of 1st period - Sidney Crosby wins face-off versus Andrei Loktionov in neutral zone.
16:33 of 1st period - Snap shot by Ilya Kovalchuk.
16:33 of 1st period - Goal by Ilya Kovalchuk - Golden Knights : 3 - Senateurs : 0.
16:34 of 1st period - Matt Stajan wins face-off versus Sidney Crosby in neutral zone.
16:43 of 1st period - Snap shot by Matt Stajan.
16:43 of 1st period - Stopped by Roberto Luongo with a rebound.
16:45 of 1st period - Wrist shot by Michael Frolik.
16:45 of 1st period - Shot Blocked by Jamie Benn.
16:47 of 1st period - Snap shot by Matt Stajan.
16:47 of 1st period - Shot Misses the Net.
16:49 of 1st period - Snap shot by Jared Cowen.
16:49 of 1st period - Shot Blocked by Sidney Crosby.
16:51 of 1st period - Wrist shot by Zach Bogosian.
16:51 of 1st period - Stopped by Roberto Luongo with a rebound.
17:02 of 1st period - Minor Penalty to Wayne Simmonds for Holding.
17:03 of 1st period - Ilya Kovalchuk wins face-off versus Sidney Crosby in Golden Knights zone.
17:03 of 1st period - Ilya Kovalchuk is hit by Sidney Crosby.
17:47 of 1st period - Snap shot by Daniel Sedin.
17:47 of 1st period - Stopped by Robin Lehner without a rebound.
17:48 of 1st period - Evgeni Malkin wins face-off versus Ilya Kovalchuk in Golden Knights zone.
19:02 of 1st period - Penalty to Wayne Simmonds is over, Wayne Simmonds is back on ice.
19:07 of 1st period - Snap shot by Wayne Simmonds.
19:07 of 1st period - Deflect By Michael Frolik.
19:07 of 1st period - Shot Misses the Net.
19:07 of 1st period - Puck is out of play.
19:08 of 1st period - Andrei Loktionov wins face-off versus Daniel Briere in Senateurs zone.
19:17 of 1st period - Wrist shot by Sergei Kostitsyn.
19:17 of 1st period - Goal by Sergei Kostitsyn - Golden Knights : 3 - Senateurs : 1.
19:18 of 1st period - Jamie Benn wins face-off versus Matt Stajan in neutral zone.
19:20 of 1st period - Dion Phaneuf is hit by Matt Stajan and loses puck.
19:41 of 1st period - Minor Penalty to Matt Stajan for Roughing.
19:42 of 1st period - Ilya Kovalchuk wins face-off versus Sidney Crosby in Golden Knights zone.
19:50 of 1st period - Wrist shot by Jamie Benn.
19:50 of 1st period - Shot Misses the Net.
19:52 of 1st period - Wrist shot by Dion Phaneuf.
19:52 of 1st period - Goal by Dion Phaneuf - Golden Knights : 3 - Senateurs : 2.
19:53 of 1st period - Ilya Kovalchuk wins face-off versus Sidney Crosby in neutral zone.
Goals for this period are 3 for Golden Knights vs 2 for Senateurs.
Shots for this period are 14 for Golden Knights vs 9 for Senateurs.

2nd period


0:01 of 2nd period - Matt Stajan wins face-off versus Sidney Crosby in neutral zone.
0:12 of 2nd period - Snap shot by Jamie Benn.
0:12 of 2nd period - Shot Blocked by Ilya Kovalchuk.
0:14 of 2nd period - Slapshot by Dion Phaneuf.
0:14 of 2nd period - Deflect By Jamie Benn.
0:14 of 2nd period - Shot Misses the Net.
0:14 of 2nd period - Puck is out of play.
0:15 of 2nd period - Evgeni Malkin wins face-off versus Andrei Loktionov in Golden Knights zone.
0:15 of 2nd period - Dion Phaneuf is hit by Zach Bogosian and loses puck.
1:10 of 2nd period - Wrist shot by Alex Tanguay.
1:10 of 2nd period - Stopped by Roberto Luongo without a rebound.
1:11 of 2nd period - Maxim Lapierre wins face-off versus Daniel Briere in Senateurs zone.
1:26 of 2nd period - Snap shot by Maxim Lapierre.
1:26 of 2nd period - Stopped by Roberto Luongo with a rebound.
1:42 of 2nd period - Off-side.
1:43 of 2nd period - Sidney Crosby wins face-off versus Matt Stajan in neutral zone.
2:13 of 2nd period - Snap shot by Sidney Crosby.
2:13 of 2nd period - Stopped by Robin Lehner without a rebound.
2:14 of 2nd period - Evgeni Malkin wins face-off versus Andrei Loktionov in Golden Knights zone.
2:15 of 2nd period - Snap shot by Daniel Sedin.
2:15 of 2nd period - Stopped by Robin Lehner with a rebound.
3:14 of 2nd period - Snap shot by Daniel Sedin.
3:14 of 2nd period - Shot Blocked by Jared Cowen.
3:16 of 2nd period - Wrist shot by Colby Armstrong.
3:16 of 2nd period - Shot Misses the Net.
3:18 of 2nd period - Snap shot by Evgeni Malkin.
3:18 of 2nd period - Deflect By Colby Armstrong.
3:18 of 2nd period - Shot Misses the Net.
3:18 of 2nd period - Puck is out of play.
3:19 of 2nd period - Andrei Loktionov wins face-off versus Sidney Crosby in Golden Knights zone.
3:24 of 2nd period - Jamie Benn is hit by Andrei Loktionov and loses puck.
3:47 of 2nd period - Colby Armstrong is hit by Matt Stajan and loses puck.
4:08 of 2nd period - Snap shot by Radim Vrbata.
4:08 of 2nd period - Shot Misses the Net.
5:16 of 2nd period - Snap shot by Sergei Kostitsyn.
5:16 of 2nd period - Shot Misses the Net.
5:25 of 2nd period - Off-side.
5:26 of 2nd period - Evgeni Malkin wins face-off versus Andrei Loktionov in neutral zone.
5:29 of 2nd period - Slapshot by Cody Franson.
5:29 of 2nd period - Stopped by Robin Lehner without a rebound.
5:30 of 2nd period - Andrei Loktionov wins face-off versus Evgeni Malkin in Golden Knights zone.
5:32 of 2nd period - Icing by Wayne Simmonds.
5:33 of 2nd period - Andrei Loktionov wins face-off versus Evgeni Malkin in Golden Knights zone.
5:40 of 2nd period - Daniel Sedin is hit by Wayne Simmonds and loses puck.
6:12 of 2nd period - Off-side.
6:13 of 2nd period - Sidney Crosby wins face-off versus Ilya Kovalchuk in neutral zone.
6:44 of 2nd period - Off-side.
6:45 of 2nd period - Daniel Briere wins face-off versus Andrei Loktionov in neutral zone.
8:16 of 2nd period - Slapshot by Michael Kostka.
8:16 of 2nd period - Stopped by Roberto Luongo with a rebound.
8:34 of 2nd period - Slapshot by Nate Prosser.
8:34 of 2nd period - Stopped by Robin Lehner without a rebound.
8:35 of 2nd period - Evgeni Malkin wins face-off versus Matt Stajan in Golden Knights zone.
9:08 of 2nd period - Snap shot by Chris Higgins.
9:08 of 2nd period - Deflect By Daniel Briere.
9:08 of 2nd period - Shot Misses the Net.
9:08 of 2nd period - Puck is out of play.
9:09 of 2nd period - Ilya Kovalchuk wins face-off versus Sidney Crosby in Senateurs zone.
9:10 of 2nd period - Slapshot by Michael Frolik.
9:10 of 2nd period - Shot Blocked by Nate Prosser.
9:12 of 2nd period - Wrist shot by Ilya Kovalchuk.
9:12 of 2nd period - Shot Misses the Net.
9:45 of 2nd period - Snap shot by Maxim Lapierre.
9:45 of 2nd period - Stopped by Roberto Luongo with a rebound.
9:57 of 2nd period - Ole-Kristian Tollefsen is hit by Evgeni Malkin.
10:54 of 2nd period - Icing by Nate Prosser.
10:55 of 2nd period - Daniel Briere wins face-off versus Maxim Lapierre in Senateurs zone.
11:00 of 2nd period - Snap shot by Daniel Briere.
11:00 of 2nd period - Stopped by Robin Lehner without a rebound.
11:01 of 2nd period - Daniel Briere wins face-off versus Maxim Lapierre in Golden Knights zone.
11:42 of 2nd period - Snap shot by Sergei Kostitsyn.
11:42 of 2nd period - Stopped by Robin Lehner with a rebound.
11:44 of 2nd period - Wrist shot by Sergei Kostitsyn.
11:44 of 2nd period - Stopped by Robin Lehner with a rebound.
11:46 of 2nd period - Slapshot by Carlo Colaiacovo.
11:46 of 2nd period - Stopped by Robin Lehner without a rebound.
11:47 of 2nd period - Sidney Crosby wins face-off versus Matt Stajan in Golden Knights zone.
11:56 of 2nd period - Slapshot by Sidney Crosby.
11:56 of 2nd period - Stopped by Robin Lehner with a rebound.
12:40 of 2nd period - Sidney Crosby is hit by Brandon Bollig.
12:43 of 2nd period - Cody Franson is hit by Jared Cowen and loses puck.
13:05 of 2nd period - Snap shot by Evgeni Malkin.
13:05 of 2nd period - Stopped by Robin Lehner without a rebound.
13:06 of 2nd period - Matt Stajan wins face-off versus Evgeni Malkin in Golden Knights zone.
13:11 of 2nd period - Snap shot by Matt Stajan.
13:11 of 2nd period - Stopped by Roberto Luongo without a rebound.
13:12 of 2nd period - Matt Stajan wins face-off versus Evgeni Malkin in Senateurs zone.
13:24 of 2nd period - Off-side.
13:25 of 2nd period - Matt Stajan wins face-off versus Sidney Crosby in neutral zone.
13:58 of 2nd period - Snap shot by Andrei Loktionov.
13:58 of 2nd period - Stopped by Roberto Luongo without a rebound.
13:59 of 2nd period - Andrei Loktionov wins face-off versus Evgeni Malkin in Senateurs zone.
14:14 of 2nd period - Wrist shot by Daniel Sedin.
14:14 of 2nd period - Shot Blocked by Zach Bogosian.
14:24 of 2nd period - Zach Bogosian is hit by Evgeni Malkin and loses puck.
14:39 of 2nd period - Snap shot by Chris Higgins.
14:39 of 2nd period - Stopped by Roberto Luongo with a rebound.
15:13 of 2nd period - Slapshot by Andrei Loktionov.
15:13 of 2nd period - Shot Misses the Net.
15:15 of 2nd period - Slapshot by Ole-Kristian Tollefsen.
15:15 of 2nd period - Shot Blocked by Dion Phaneuf.
15:51 of 2nd period - Slapshot by Evgeni Malkin.
15:51 of 2nd period - Shot Misses the Net.
15:53 of 2nd period - Snap shot by Dion Phaneuf.
15:53 of 2nd period - Shot Blocked by Andrei Loktionov.
16:01 of 2nd period - Wrist shot by Evgeni Malkin.
16:01 of 2nd period - Goal by Evgeni Malkin - Golden Knights : 3 - Senateurs : 3.
16:02 of 2nd period - Matt Stajan wins face-off versus Sidney Crosby in neutral zone.
16:09 of 2nd period - Slapshot by Jared Cowen.
16:09 of 2nd period - Stopped by Roberto Luongo without a rebound.
16:10 of 2nd period - Matt Stajan wins face-off versus Sidney Crosby in Senateurs zone.
16:23 of 2nd period - Jared Cowen is hit by Phil Kessel and loses puck.
16:30 of 2nd period - Slapshot by Phil Kessel.
16:30 of 2nd period - Shot Misses the Net.
16:32 of 2nd period - Slapshot by Phil Kessel.
16:32 of 2nd period - Shot Misses the Net.
16:34 of 2nd period - Snap shot by Mark Giordano.
16:34 of 2nd period - Stopped by Robin Lehner without a rebound.
16:35 of 2nd period - Maxim Lapierre wins face-off versus Daniel Briere in Golden Knights zone.
17:00 of 2nd period - Ryan Hollweg is hit by Damien Brunner and loses puck.
17:37 of 2nd period - Slapshot by Steve Bernier.
17:37 of 2nd period - Shot Misses the Net.
18:54 of 2nd period - Off-side.
18:55 of 2nd period - Patrice Cormier wins face-off versus Stephane Da Costa in neutral zone.
19:47 of 2nd period - Michael Kostka is hit by Colby Armstrong and loses puck.
Goals for this period are 0 for Golden Knights vs 1 for Senateurs.
Shots for this period are 8 for Golden Knights vs 12 for Senateurs.

3rd period


0:01 of 3rd period - Sidney Crosby wins face-off versus Matt Stajan in neutral zone.
0:09 of 3rd period - Slapshot by Ilya Kovalchuk.
0:09 of 3rd period - Shot Blocked by Cody Franson.
0:24 of 3rd period - Icing by Jamie Benn.
0:25 of 3rd period - Andrei Loktionov wins face-off versus Sidney Crosby in Senateurs zone.
0:28 of 3rd period - Wrist shot by Andrei Loktionov.
0:28 of 3rd period - Shot Misses the Net.
0:36 of 3rd period - Wrist shot by Chris Higgins.
0:36 of 3rd period - Stopped by Roberto Luongo with a rebound.
0:38 of 3rd period - Slapshot by Wayne Simmonds.
0:38 of 3rd period - Stopped by Roberto Luongo with a rebound.
0:42 of 3rd period - Snap shot by Chris Higgins.
0:42 of 3rd period - Stopped by Roberto Luongo without a rebound.
0:43 of 3rd period - Matt Stajan wins face-off versus Evgeni Malkin in Senateurs zone.
0:44 of 3rd period - Wrist shot by Ilya Kovalchuk.
0:44 of 3rd period - Shot Misses the Net.
0:46 of 3rd period - Snap shot by Matt Stajan.
0:46 of 3rd period - Shot Misses the Net.
0:48 of 3rd period - Snap shot by Matt Stajan.
0:48 of 3rd period - Stopped by Roberto Luongo with a rebound.
0:50 of 3rd period - Slapshot by Matt Stajan.
0:50 of 3rd period - Stopped by Roberto Luongo with a rebound.
0:52 of 3rd period - Snap shot by Matt Stajan.
0:52 of 3rd period - Shot Blocked by Nate Prosser.
0:54 of 3rd period - Snap shot by Ilya Kovalchuk.
0:54 of 3rd period - Deflect By Nate Prosser.
0:54 of 3rd period - Stopped by Roberto Luongo with a rebound.
0:56 of 3rd period - Snap shot by Michael Frolik.
0:56 of 3rd period - Shot Blocked by Nate Prosser.
1:00 of 3rd period - Slapshot by Matt Stajan.
1:00 of 3rd period - Shot Blocked by Duncan Keith.
1:52 of 3rd period - Icing by Patrice Cormier.
1:53 of 3rd period - Patrice Cormier wins face-off versus Evgeni Malkin in Golden Knights zone.
2:04 of 3rd period - Snap shot by Ilya Kovalchuk.
2:04 of 3rd period - Stopped by Roberto Luongo without a rebound.
2:05 of 3rd period - Matt Stajan wins face-off versus Sidney Crosby in Senateurs zone.
2:06 of 3rd period - Slapshot by Michael Frolik.
2:06 of 3rd period - Shot Misses the Net.
2:08 of 3rd period - Slapshot by Matt Stajan.
2:08 of 3rd period - Stopped by Roberto Luongo with a rebound.
2:10 of 3rd period - Wrist shot by Ilya Kovalchuk.
2:10 of 3rd period - Shot Misses the Net.
2:18 of 3rd period - Slapshot by Cody Franson.
2:18 of 3rd period - Shot Misses the Net.
2:35 of 3rd period - Slapshot by Chris Higgins.
2:35 of 3rd period - Deflect By Andrei Loktionov.
2:35 of 3rd period - Shot Misses the Net.
2:35 of 3rd period - Puck is out of play.
2:36 of 3rd period - Andrei Loktionov wins face-off versus Evgeni Malkin in Senateurs zone.
2:43 of 3rd period - Slapshot by Duncan Keith.
2:43 of 3rd period - Shot Blocked by Vladimir Mihalik.
2:52 of 3rd period - Off-side.
2:53 of 3rd period - Sidney Crosby wins face-off versus Matt Stajan in neutral zone.
3:02 of 3rd period - Snap shot by Phil Kessel.
3:02 of 3rd period - Deflect By Jamie Benn.
3:02 of 3rd period - Stopped by Robin Lehner without a rebound.
3:03 of 3rd period - Matt Stajan wins face-off versus Sidney Crosby in Golden Knights zone.
3:03 of 3rd period - Matt Stajan is hit by Sidney Crosby.
3:23 of 3rd period - Wrist shot by Michael Frolik.
3:23 of 3rd period - Stopped by Roberto Luongo with a rebound.
3:45 of 3rd period - Snap shot by Phil Kessel.
3:45 of 3rd period - Stopped by Robin Lehner with a rebound.
3:47 of 3rd period - Snap shot by Dion Phaneuf.
3:47 of 3rd period - Shot Hit the Post.
5:16 of 3rd period - Snap shot by Michael Frolik.
5:16 of 3rd period - Goal by Michael Frolik - Golden Knights : 4 - Senateurs : 3.
5:17 of 3rd period - Evgeni Malkin wins face-off versus Andrei Loktionov in neutral zone.
6:36 of 3rd period - Icing by Michael Kostka.
6:37 of 3rd period - Maxim Lapierre wins face-off versus Colby Armstrong in Golden Knights zone.
6:37 of 3rd period - Maxim Lapierre is hit by Ryan Hollweg.
7:39 of 3rd period - Icing by Dion Phaneuf.
7:40 of 3rd period - Andrei Loktionov wins face-off versus Daniel Briere in Senateurs zone.
7:41 of 3rd period - Slapshot by Zach Bogosian.
7:41 of 3rd period - Shot Hit the Post.
7:43 of 3rd period - Snap shot by Chris Higgins.
7:43 of 3rd period - Goal by Chris Higgins - Golden Knights : 5 - Senateurs : 3.
7:44 of 3rd period - Sidney Crosby wins face-off versus Matt Stajan in neutral zone.
7:49 of 3rd period - Snap shot by Sidney Crosby.
7:49 of 3rd period - Deflect By Jamie Benn.
7:49 of 3rd period - Shot Blocked by Matt Stajan.
7:49 of 3rd period - Puck is out of play.
7:50 of 3rd period - Matt Stajan wins face-off versus Sidney Crosby in Golden Knights zone.
7:50 of 3rd period - Matt Stajan is hit by Sidney Crosby.
7:58 of 3rd period - Wrist shot by Phil Kessel.
7:58 of 3rd period - Stopped by Robin Lehner with a rebound.
8:00 of 3rd period - Snap shot by Phil Kessel.
8:00 of 3rd period - Shot Misses the Net.
8:02 of 3rd period - Slapshot by Dion Phaneuf.
8:02 of 3rd period - Stopped by Robin Lehner without a rebound.
8:03 of 3rd period - Sidney Crosby wins face-off versus Ilya Kovalchuk in Golden Knights zone.
8:06 of 3rd period - Snap shot by Sidney Crosby.
8:06 of 3rd period - Shot Blocked by Jared Cowen.
8:43 of 3rd period - Minor Penalty to Evgeni Malkin for Elbowing.
8:44 of 3rd period - Sidney Crosby wins face-off versus Matt Stajan in Senateurs zone.
10:43 of 3rd period - Penalty to Evgeni Malkin is over, Evgeni Malkin is back on ice.
10:56 of 3rd period - Snap shot by Jamie Benn.
10:56 of 3rd period - Stopped by Robin Lehner with a rebound.
10:58 of 3rd period - Snap shot by Cody Franson.
10:58 of 3rd period - Shot Misses the Net.
11:00 of 3rd period - Slapshot by Ryan Hollweg.
11:00 of 3rd period - Shot Blocked by Michael Kostka.
11:02 of 3rd period - Snap shot by Ryan Hollweg.
11:02 of 3rd period - Shot Blocked by Steve Bernier.
11:04 of 3rd period - Wrist shot by Evgeni Malkin.
11:04 of 3rd period - Shot Misses the Net.
11:10 of 3rd period - Snap shot by Evgeni Malkin.
11:10 of 3rd period - Shot Blocked by Maxim Lapierre.
11:12 of 3rd period - Wrist shot by Ryan Hollweg.
11:12 of 3rd period - Shot Misses the Net.
11:14 of 3rd period - Backhand shot by Jamie Benn.
11:14 of 3rd period - Shot Misses the Net.
11:16 of 3rd period - Snap shot by Ryan Hollweg.
11:16 of 3rd period - Stopped by Robin Lehner with a rebound.
11:38 of 3rd period - Snap shot by Ryan Hollweg.
11:38 of 3rd period - Stopped by Robin Lehner without a rebound.
11:39 of 3rd period - Daniel Briere wins face-off versus Matt Stajan in Golden Knights zone.
11:40 of 3rd period - Slapshot by Sergei Kostitsyn.
11:40 of 3rd period - Shot Misses the Net.
12:04 of 3rd period - Jared Cowen is hit by Duncan Keith and loses puck.
12:27 of 3rd period - Snap shot by Patrice Cormier.
12:27 of 3rd period - Stopped by Roberto Luongo without a rebound.
12:28 of 3rd period - Matt Stajan wins face-off versus Sergei Kostitsyn in Senateurs zone.
12:39 of 3rd period - Wrist shot by Daniel Briere.
12:39 of 3rd period - Shot Misses the Net.
12:41 of 3rd period - Wrist shot by Radim Vrbata.
12:41 of 3rd period - Stopped by Robin Lehner with a rebound.
12:43 of 3rd period - Snap shot by Sergei Kostitsyn.
12:43 of 3rd period - Shot Misses the Net.
12:53 of 3rd period - Andrei Loktionov is hit by Carlo Colaiacovo and loses puck.
14:16 of 3rd period - Slapshot by Maxim Lapierre.
14:16 of 3rd period - Shot Blocked by Carlo Colaiacovo.
15:44 of 3rd period - Snap shot by Daniel Sedin.
15:44 of 3rd period - Shot Blocked by Mathew Dumba.
15:46 of 3rd period - Slapshot by Nate Prosser.
15:46 of 3rd period - Deflect By Mathew Dumba.
15:46 of 3rd period - Stopped by Robin Lehner without a rebound.
15:47 of 3rd period - Daniel Briere wins face-off versus Maxim Lapierre in Golden Knights zone.
16:21 of 3rd period - Snap shot by Michael Frolik.
16:21 of 3rd period - Shot Blocked by Mark Giordano.
16:23 of 3rd period - Wrist shot by Michael Frolik.
16:23 of 3rd period - Shot Misses the Net.
16:25 of 3rd period - Slapshot by Jared Cowen.
16:25 of 3rd period - Shot Blocked by Mark Giordano.
17:05 of 3rd period - Damien Brunner is hit by Radim Vrbata and loses puck.
17:54 of 3rd period - Wrist shot by Ryan Hollweg.
17:54 of 3rd period - Stopped by Robin Lehner without a rebound.
17:55 of 3rd period - Sidney Crosby wins face-off versus Wayne Simmonds in Golden Knights zone.
18:02 of 3rd period - Snap shot by Sidney Crosby.
18:02 of 3rd period - Shot Blocked by Jared Cowen.
18:04 of 3rd period - Wrist shot by Jamie Benn.
18:04 of 3rd period - Stopped by Robin Lehner with a rebound.
18:06 of 3rd period - Wrist shot by Carlo Colaiacovo.
18:06 of 3rd period - Stopped by Robin Lehner with a rebound.
18:16 of 3rd period - Backhand shot by Jared Cowen.
18:16 of 3rd period - Stopped by Roberto Luongo without a rebound.
18:17 of 3rd period - Maxim Lapierre wins face-off versus Daniel Briere in Senateurs zone.
18:24 of 3rd period - Snap shot by Maxim Lapierre.
18:24 of 3rd period - Stopped by Roberto Luongo with a rebound.
18:26 of 3rd period - Snap shot by Steve Bernier.
18:26 of 3rd period - Stopped by Roberto Luongo with a rebound.
18:28 of 3rd period - Slapshot by Mathew Dumba.
18:28 of 3rd period - Shot Blocked by Cody Franson.
18:30 of 3rd period - Slapshot by Alex Tanguay.
18:30 of 3rd period - Shot Misses the Net.
18:32 of 3rd period - Snap shot by Maxim Lapierre.
18:32 of 3rd period - Stopped by Roberto Luongo with a rebound.
19:28 of 3rd period - Minor Penalty to Wayne Simmonds for Roughing.
19:29 of 3rd period - Evgeni Malkin wins face-off versus Ilya Kovalchuk in Golden Knights zone.
19:35 of 3rd period - Off-side.
19:36 of 3rd period - Evgeni Malkin wins face-off versus Ilya Kovalchuk in neutral zone.
Goals for this period are 2 for Golden Knights vs 0 for Senateurs.
Shots for this period are 16 for Golden Knights vs 12 for Senateurs.